 Dungeon Crawl Stone Soup version 0.20.1-1-g8b1a95d (webtiles) character file.

18871214 Sphara the Conqueror (level 27, 338/338 HPs)
             Began as an Ogre Skald on Nov 17, 2017.
             Was the Champion of Okawaru.
             Escaped with the Orb
             ... and 15 runes on Nov 21, 2017!
             The game lasted 09:50:41 (81579 turns).

Sphara the Conqueror (Ogre Skald)                  Turns: 81579, Time: 09:50:41

Health: 338/338    AC: 16    Str: 30    XL:     27
Magic:  41/41      EV: 16    Int: 26    God:    Okawaru [******]
Gold:   5118       SH: 32    Dex: 11    Spells: 6/63 levels left

rFire    + + +     SeeInvis .   a - +9 demon trident (freeze)
rCold    + + +     Gourm    .   B - +8 large shield {rC+ rF+}
rNeg     . . .     Faith    .   z - quicksilver dragon scales of the Burgomaster {rF+ MR+}
rPois    +         Spirit   .   H - +2 hat {Int+3}
rElec    .         Reflect  .   p - +2 cloak {MR+}
rCorr    .         Harm     .   (gloves unavailable)
MR       ++++.                  (boots unavailable)
Stlth    ++........             b - amulet of Vitality {Regen+ HP+15}
Regen    1.5/turn               r - +5 ring of intelligence
MPRegen  0.3/turn               C - ring "Daesm" {rPois rF+ rC+ Dex+3}

@: studying Stealth
A: unfitting armour, hooves 1, iridescent scales 1, thin skeletal structure 1,
clever 1, clumsy 1, cold resistance 1, deformed body, deterioration 1, fire
resistance 1, low mp 1, regeneration 1, tough skin 1
0: Orb of Zot
}: 15/15 runes: serpentine, barnacled, slimy, silver, golden, iron, obsidian,
icy, bone, abyssal, demonic, glowing, magical, fiery, dark
a: Heroism, Finesse, Renounce Religion


You escaped.
You worshipped Okawaru.
Okawaru was exalted by your worship.
You were not hungry.

You visited 17 branches of the dungeon, and saw 89 of its levels.
You visited Pandemonium 3 times, and saw 29 of its levels.
You visited the Abyss 4 times.
You visited 1 ziggurat, and saw 6 of its levels.
You also visited: Labyrinth, Sewer, Ice Cave and Wizlab.

You collected 8795 gold pieces.
You spent 3677 gold pieces at shops.

Inventory:

Hand Weapons
 a - a +9 demon trident of freezing (weapon)
 t - a +5 demon trident of electrocution
Missiles
 D - 20 silver javelins
 E - 13 throwing nets
 G - 130 large rocks (quivered)
 L - 7 javelins of penetration
Armour
 p - a +2 cloak of magic resistance (worn)
 z - the quicksilver dragon scales of the Burgomaster (worn) {rF+ MR+}
   (Okawaru gifted it to you on level 7 of Gehenna)

   It protects you from fire.
   It affects your resistance to hostile enchantments.
 B - a +8 large shield of resistance (worn)
 H - a +2 hat of intelligence (worn)
Jewellery
 b - the amulet of Vitality (around neck) {Regen+ HP+15}
   (You found it on level 3 of the Crypt)

   [amulet of regeneration]

   It affects your health (+15).
   It increases your rate of regeneration.
 r - a +5 ring of intelligence (left hand)
 x - the ring of Eginakhlo {-Tele rN+++ MP+9 Str+6 Int-4}
   (You bought it in a shop on level 1 of the Snake Pit)

   [ring of strength]

   It affects your strength (+6).
   It affects your intelligence (-4).
   It renders you almost immune to negative energy.
   It affects your magic capacity (+9).
   It prevents most forms of teleportation.
 C - the ring "Daesm" (right hand) {rPois rF+ rC+ Dex+3}
   (You found it on level 5 of the Pits of Slime)

   [ring of poison resistance]

   It affects your dexterity (+3).
   It protects you from fire.
   It protects you from cold.
   It protects you from poison.
 U - the amulet of Xom's Sleight of Hands {RegenMP rC+}
   (You found it on level 3 of the Crypt)

   [amulet of magic regeneration]

   It increases your magic regeneration.
   It protects you from cold.
 X - the ring of the Amoeba {Ice *Contam MR- Int+8 Dex+9}
   (You found it on level 7 of Gehenna)

   [ring of ice]

   It enhances your ice magic.
   It affects your intelligence (+8).
   It affects your dexterity (+9).
   It makes you vulnerable to fire.
   It protects you from cold.
   It affects your resistance to hostile enchantments.
   It causes magical contamination when unequipped.
Wands
 c - a wand of paralysis (5/24)
 e - a wand of acid (14/15)
 j - a wand of iceblast (5/15)
 k - a wand of digging (15/24)
Scrolls
 g - 7 scrolls of fog
 u - 30 scrolls of remove curse
 F - 4 scrolls of fear
 I - 3 scrolls of holy word
 M - 33 scrolls of identify
 N - 6 scrolls of immolation
 O - 9 scrolls of teleportation
 V - 2 scrolls of recharging
 W - 5 scrolls of summoning
 Z - 5 scrolls of blinking
Potions
 f - 8 potions of haste
 h - 2 potions of mutation
 i - 10 potions of agility
 l - 16 potions of brilliance
 m - 5 potions of ambrosia
 n - 3 potions of berserk rage
 s - 3 potions of invisibility
 w - 13 potions of flight
 J - 13 potions of heal wounds
 K - 4 potions of cancellation
 P - 7 potions of magic
 Q - 3 potions of resistance
 R - 9 potions of curing
 S - 6 potions of might
Books
 T - a manual of Stealth
Miscellaneous
 o - 3 phantom mirrors
 q - a figurine of a ziggurat
 v - a lamp of fire
 y - a phial of floods
 A - 8 boxes of beasts
Comestibles
 d - 26 bread rations


   Skills:
 O Level 27 Fighting
 * Level 20.8 Polearms
 O Level 27 Throwing
 - Level 9.5 Armour
 - Level 15.7 Dodging
 - Level 16.6 Stealth
 - Level 19.2 Shields
 - Level 18.5 Spellcasting
 - Level 2.2 Hexes
 - Level 9.0 Charms
 - Level 9.0 Summonings
 * Level 18.0 Necromancy
 - Level 13.2 Translocations
 - Level 13.0 Transmutations
 * Level 16.3 Earth Magic
 * Level 20.1 Invocations
 - Level 9.2 Evocations


You had 6 spell levels left.
You knew the following spells:

 Your Spells              Type           Power        Failure   Level  Hunger
a - Aura of Abjuration    Summ           ######....   1%          5    None
b - Animate Dead          Necr           N/A          0%          4    None
c - Spectral Weapon       Hex/Chrm       ######..     1%          3    None
e - Song of Slaying       Chrm           ######..     1%          2    None
f - Lesser Beckoning      Tloc           #######...   1%          3    None
g - Lee's Rapid Deconstr  Erth           #######...   1%          5    None
h - Apportation           Tloc           ######       0%          1    None
i - Blink                 Tloc           N/A          0%          2    None
j - Passwall              Tmut/Erth      #######...   0%          2    None
k - Statue Form           Tmut/Erth      #######..    1%          6    ###....
l - Passage of Golubria   Tloc           N/A          1%          4    None
m - Yara's Violent Unrav  Hex/Tmut       ######....   3%          5    None
n - Control Undead        Necr           #######...   0%          4    None
o - Portal Projectile     Hex/Tloc       ######       1%          3    None
p - Summon Forest         Summ/Tloc      ######....   1%          5    None
z - Regeneration          Chrm/Necr      #######...   1%          3    None


Dungeon Overview and Level Annotations

Branches:
Dungeon (15/15)            Temple (0/1) D:5            Lair (6/6) D:8
 Shoals (4/4) Lair:4        Snake (4/4) Lair:2        Slime (5/5) Lair:5
    Orc (2/2) D:12            Elf (3/3) Orc:2        Vaults (5/5) D:13
  Crypt (3/3) Vaults:2       Tomb (3/3) Crypt:3      Depths (5/5) D:15
   Hell (1/1)                 Dis (7/7) Hell            Geh (7/7) Hell
    Coc (7/7) Hell            Tar (7/7) Hell            Zot (5/5) Depths:5

Altars:
Ashenzari
Kikubaaqudgha
Makhleb
Okawaru
Qazlal
Trog
Uskayaw
Yredelemnul
The Shining One
Lugonu

Shops:
D:15 }   Orc:2 *[*}   Elf:1 *   Elf:3 (   Snake:1 }**:   Vaults:2 *
Vaults:4 %   Vaults:5 [   Depths:5 (

Portals:
Hell: Depths:1 Depths:2 Depths:3
Abyss: Depths:3 Depths:4
Pandemonium: Orc:2 Depths:3 Depths:4
Trove: Vaults:4 (give 12 potions of heal wounds)

Annotations:
D:2 Sigmund
D:4 exclusion: downstairs
D:5 Edmund
D:7 exclusion: downstairs
D:11 exclusion: downstairs
D:14 exclusion: Roxanne, Roxanne
Lair:3 exclusion: upstairs
Elf:2 3 runed doors
Depths:5 Margery
Dis:7 Dispater


Innate Abilities, Weirdness & Mutations

You are too large for most types of armour.
You have tough skin. (AC +1)
You have large cloven feet.
You are partially covered in iridescent scales. (AC +2)
You have a somewhat thin skeletal structure. (Dex +2, Stealth)
Your mind is acute. (Int +2)
You are clumsy. (Dex -2)
Your flesh is cold resistant. (rC+)
Armour fits poorly on your strangely shaped body.
Your body sometimes deteriorates upon taking damage.
Your flesh is heat resistant. (rF+)
Your magical capacity is low. (-10% MP)
Your natural rate of healing is unusually fast.


Message History

You block the adder's attack. You block the adder's attack.
You block the adder's attack.
There is a stone staircase leading up here.
You block the adder's attack. x2
You climb upwards.
There is a stone staircase leading down here.
You block the adder's attack. You block the adder's attack.
You see here a robe.
You block the adder's attack. You block the adder's attack.
You block the adder's attack. You block the adder's attack.
You open the door. You block the adder's attack.
There is an open door here.
You block the adder's attack.
There is a staircase leading out of the dungeon here.
You block the adder's attack.
You have escaped!

#†###.##############..#
#.........#.. ........#
#.###.......# #######.# #.#
##....#.# #)# #.#
#.......#########.##
###.###.++++'+...........#
#.....#.+....+.########..#
#.###...+....+..#######..#
#. #...+.@..+...........##
#.###...+.S..+.....# #....#
#.....#.+++'++.###.###.....
######.........##..##......
#.######..##.####..... #.#
#..##.#.......# #.#
#....#......... #.#
#.###.#.##.#### #.###
#.###....#.####


You could see an adder.

Vanquished Creatures
  Cerebov (Pan)
  Asmodeus (Geh:7)
  Antaeus (Coc:7)
  the Royal Jelly (Slime:5)
  Gloorx Vloq (Pan)
  Lom Lobon (Pan)
  the Serpent of Hell (Coc:7)
  Mnoleg (Pan)
  9 ancient liches
  5 orbs of fire
  The ghost of Romulous the Minotaur Barricade, a legendary MiFi of Okawaru (Zot:5)
  Mennas (Vaults:4)
  The ghost of Nebukadnezar the Wrestler, a legendary TrCK of Xom (Coc:7)
  A juggernaut (Depths:5)
  13 greater mummies
  Sojobo (Depths:4)
  3 pandemonium lords (Pan)
  4 shard shrikes
  Frederick (Vaults:5)
  A caustic shrike (Depths:5)
  A Killer Klown (Zot:5)
  5 golden dragons
  Geryon (Hell)
  Nikola (Shoals:3)
  Jory (Crypt:3)
  15 bone dragons
  2 profane servitors
  6 iron giants
  2 shard shrike zombies
  4 doom hounds
  4 electric golems
  Jorgrun (Shoals:3)
  10 Tzitzimimeh
  The ghost of pichaelthompson the Warrior, an adept DsBe of Trog (Vaults:1)
  15 Brimstone Fiends
  14 liches
  8 Ice Fiends
  A hellephant (Hell)
  4 Hell Sentinels (Pan)
  21 tentacled monstrosities
  21 Orb Guardians
  Rupert (Lair:5)
  21 acid blobs
  4 deep elf blademasters (Elf:3)
  7 titans
  8 quicksilver dragons
  Asterion (Vaults:2)
  3 deep elf master archers (Elf:3)
  21 ancient champions
  21 Executioners
  6 sphinxes
  Kirke (D:15)
  8 death cobs
  15 storm dragons
  8 draconian monks
  A thorn hunter (Depths:4)
  13 tentacled starspawn
  Frances (Shoals:2)
  12 shadow dragons
  9 tengu reavers
  12 nagarajas
  A daeva (Abyss:5)
  14 azure jellies
  Donald (Shoals:3)
  21 fire giants
  A ghost moth (Abyss:1)
  5 blood saints (Pan)
  3 iron dragons
  5 draconian scorchers
  15 frost giants
  An angel (Pan)
  6 draconian knights
  7 corrupters (Pan)
  4 orc warlords
  18 cacodemons
  7 curse skulls
  8 deep elf sorcerers
  5 warmongers (Pan)
  10 vault wardens
  21 ironheart preservers
  8 deep elf elementalists
  Aizul (Snake:3)
  5 ghouls
  4 draconian shifters
  3 draconian stormcallers
  9 draconian annihilators
  40 reapers
  A juggernaut skeleton (Depths:3)
  35 very ugly things
  46 balrugs
  4 elemental wellsprings (Coc:7)
  70 starcursed masses
  24 stone giants
  6 war gargoyles
  12 black draconians
  10 bennus
  5 vampire knights
  9 deep elf demonologists
  6 black suns (Pan)
  9 white draconians
  4 spark wasps
  2 entropy weavers
  17 deep elf annihilators
  11 purple draconians
  9 green draconians
  10 lorocyprocas
  6 red draconians
  11 yellow draconians
  14 eidola
  26 blizzard demons
  A spark wasp (shapeshifter) (Vaults:5)
  14 deep elf death magi
  15 ettins
  4 merfolk javelineers (Shoals:4)
  11 green deaths
  4 death oozes (Slime:5)
  14 mummy priests
  10 deep elf high priests
  12 fire dragons
  4 quicksilver dragon zombies
  19 ice dragons
  9 rakshasas
  16 great orbs of eyes
  7 merfolk impalers
  A minotaur (Lab)
  21 ogre magi
  16 naga warriors
  15 yaktaur captains
  36 vault guards
  5 monstrous demonspawn (Pan)
  A juggernaut simulacrum (Depths:3)
  A spriggan air mage (Depths:1)
  11 hydras
  A ghost crab (Tar:3)
  13 anacondas
  4 quicksilver dragon skeletons
  4 hell beasts
  An alligator snapping turtle (Depths:4)
  4 merfolk avatars
  67 two-headed ogres
  6 centaur warriors
  A satyr (Shoals:4)
  2 death knights (Crypt:2)
  7 merfolk aquamancers
  5 deep troll shamans
  9 hell hogs
  5 death yaks
  12 death scarabs
  3 titan zombies
  An alligator (Depths:4)
  3 vampire magi
  A queen ant (D:10)
  9 deep troll earth magi
  4 tengu warriors
  7 naga sharpshooters
  23 dancing weapons
  21 thrashing horrors
  6 storm dragon zombies
  2 iron golems
  81 sun demons
  5 shock serpents
  10 orc high priests
  37 hell knights
  8 spriggan berserkers
  26 soul eaters
  Urug (D:12)
  23 deep elf knights
  75 skeletal warriors
  9 wretched stars
  A storm dragon skeleton (Pan)
  13 sea snakes
  3 titan skeletons
  3 golden dragon zombies
  27 sixfirhies
  4 spatial maelstroms
  12 shadow wraiths
  2 death drakes
  3 salamander mystics
  7 anaconda zombies
  A ghost moth zombie (Geh:1)
  2 unseen horrors (shapeshifter)
  4 infernal demonspawn (Pan)
  11 shadow demons
  11 torturous demonspawn
  A swamp dragon (Depths:4)
  10 flayed ghosts
  14 glowing orange brains
  A quicksilver dragon simulacrum (Tomb:3)
  A death drake (shapeshifter) (Vaults:2)
  9 gelid demonspawn (Pan)
  6 unseen horrors
  2 shadow dragon zombies (Depths:3)
  22 deep trolls
  11 naga ritualists
  3 spark wasp zombies
  Pikel (D:4)
  5 wizards
  25 deep elf archers
  A harpy (shapeshifter) (Depths:3)
  2 tengu zombies
  14 ironbrand convokers
  2 golden dragon skeletons
  6 anaconda skeletons
  29 necromancers
  25 harpies
  19 orc knights
  18 phantasmal warriors
  6 wolf spiders
  9 mana vipers
  3 wolf spider zombies
  3 frost giant zombies
  2 orange crystal statues
  A mana viper (shapeshifter) (Vaults:5)
  6 fire giant zombies
  11 orc sorcerers
  3 iron dragon zombies
  An orb spider (shapeshifter) (Depths:3)
  2 shadow dragon skeletons
  9 shining eyes
  86 deep elf magi
  44 ugly things
  12 manticores
  2 sphinx skeletons
  10 cyclopes
  57 slime creatures
  26 moths of wrath
  A toenail golem (Pan)
  14 salamanders
  2 tengu skeletons
  8 merfolk sirens
  4 worldbinders (Abyss:4)
  3 apocalypse crabs
  6 stone giant zombies
  37 naga magi
  A guardian serpent (shapeshifter) (Depths:3)
  11 vault sentinels
  3 shock serpent zombies
  2 manticores (shapeshifter)
  36 black mambas
  A centaur zombie (D:13)
  3 stone giant skeletons
  A fire giant skeleton (Geh:1)
  4 frost giant skeletons
  3 iron dragon skeletons
  4 ice statues
  14 elephants
  2 black mambas (shapeshifter)
  12 rust devils
  3 centaur skeletons
  7 guardian serpents
  12 hellions
  6 water nymphs
  A storm dragon simulacrum (Depths:3)
  3 molten gargoyles (Geh:7)
  2 gargoyles
  A yellow draconian zombie (Crypt:1)
  6 eyes of devastation
  27 orange demons
  44 smoke demons
  6 spiny frogs
  3 shock serpent skeletons
  7 dire elephant skeletons
  3 human zombies
  A purple draconian zombie (Crypt:1)
  2 rime drakes
  14 efreet
  An emperor scorpion zombie (Geh:7)
  28 freezing wraiths
  30 tormentors
  37 yaktaurs
  37 hellwings
  10 komodo dragons
  15 demonic crawlers
  3 spectral merfolk (Depths:2)
  4 tengu conjurers
  31 guardian mummies
  A komodo dragon (shapeshifter) (D:15)
  A minotaur zombie (Crypt:2)
  15 ancient zymes
  48 red devils
  19 ice devils
  2 catoblepas skeletons
  A jumping spider (shapeshifter) (Vaults:4)
  2 harpy zombies (Crypt:3)
  3 wind drakes
  2 jumping spiders (Crypt:3)
  10 hydra zombies
  A tengu simulacrum (Vaults:4)
  36 merfolk
  A troll (shapeshifter) (Abyss:4)
  11 hornets
  A meliai (shapeshifter) (Vaults:4)
  6 trolls
  A merfolk (shapeshifter) (Elf:3)
  2 stone giant simulacra
  11 hydra skeletons
  5 snapping turtles
  Grinder (Sewer)
  A minotaur skeleton (Geh:1)
  2 polar bears (Lair:6)
  19 raiju
  2 frost giant simulacra
  7 blink frogs
  3 harpy skeletons
  3 fire dragon zombies
  5 ettin zombies
  4 ice dragon zombies
  5 bog bodies (Coc:7)
  15 dream sheep
  A hippogriff (shapeshifter) (Depths:2)
  40 large abominations
  A meliai zombie (D:14)
  70 flying skulls
  6 hippogriffs
  7 alligator zombies
  2 alligator skeletons
  A black mamba zombie (Dis:2)
  7 ettin skeletons
  3 air elementals
  22 water elementals
  An elf skeleton (Depths:3)
  18 spriggans
  18 shadows
  23 ynoxinuls
  A dire elephant simulacrum (Abyss:5)
  2 fire dragon skeletons
  10 ice dragon skeletons
  8 redbacks
  5 ushabtiu
  6 wyverns
  29 wraiths
  A black mamba skeleton (Geh:7)
  A vampire (Abyss:4)
  11 basilisks
  4 hogs (D:15)
  63 yaks
  20 fire elementals
  4 fire bats (Abyss:4)
  A yaktaur simulacrum (Vaults:2)
  8 golden eyes
  28 neqoxecs
  An emperor scorpion simulacrum (Crypt:3)
  A steam dragon (D:5)
  19 chaos spawn
  A gelid demonspawn zombie (Dis:5)
  4 vampire mosquitoes (D:15)
  2 spatial vortices (Abyss:4)
  11 hungry ghosts
  16 wargs
  57 nagas
  16 soldier ants
  A swamp worm (shapeshifter) (Vaults:5)
  2 spiny frog zombies
  An acid dragon (D:11)
  A floating eye (Depths:2)
  2 hydra simulacra (Depths:2)
  13 porcupines
  12 water moccasins
  36 hell hounds
  3 spectral spriggans (Depths:2)
  A torturous demonspawn skeleton (Crypt:2)
  A merfolk skeleton (Coc:7)
  63 orc warriors
  4 spectral trolls (Depths:2)
  6 black bears
  2 spiny frog skeletons (Hell)
  2 sky beasts
  3 phantoms
  10 ice beasts
  12 eyes of draining
  45 ogres
  12 necrophages
  2 snapping turtle zombies
  A fire dragon simulacrum (Coc:7)
  21 wolves
  3 swamp dragon zombies
  An ogre (shapeshifter) (Vaults:5)
  10 boggarts
  16 centaurs
  2 snapping turtle skeletons (Crypt:3)
  A manticore skeleton (Geh:5)
  9 crocodiles
  A big kobold (shapeshifter) (Vaults:3)
  4 big kobolds
  23 small abominations
  A hippogriff zombie (Crypt:1)
  22 bullfrogs
  A human skeleton (Vaults:3)
  A water moccasin zombie (Crypt:2)
  Dowan (D:5)
  2 earth elementals
  A wyvern zombie (D:14)
  3 scorpions
  8 wyvern skeletons
  A water moccasin skeleton (D:7)
  A spriggan zombie (Geh:7)
  A cyclops skeleton (Crypt:2)
  2 spectral nagas (Depths:2)
  18 killer bees
  An elf simulacrum (Vaults:2)
  4 spectral ogres (Depths:2)
  A troll zombie (Geh:4)
  56 wights
  A spriggan skeleton (Crypt:1)
  2 spectral centaurs (Depths:2)
  A troll skeleton (Crypt:3)
  A howler monkey (D:10)
  11 crimson imps
  3 human simulacra
  3 bullfrog zombies (D:11)
  5 hounds
  22 jellies
  3 quasits
  31 orc priests
  2 bullfrog skeletons
  4 iguanas
  21 iron imps
  38 worker ants
  20 orc wizards
  17 hell rats
  A troll simulacrum (Depths:2)
  3 big kobold zombies (Sewer)
  A dwarf skeleton (Crypt:1)
  A hound zombie (D:11)
  A hound skeleton (D:8)
  20 mummies
  A worker ant zombie (D:9)
  15 adders
  5 river rats (Lair:1)
  8 shadow imps
  18 white imps
  6 ufetubi
  3 oozes
  3 worms
  A dart slug (D:1)
  7 leopard geckos
  84 orcs
  2 ball pythons (D:1)
  4 giant cockroaches
  2 gnoll zombies (D:3)
  4 goblins
  5 hobgoblins
  12 jackals
  23 kobolds
  6 quokkas
  4 bats
  A bat (shapeshifter) (Vaults:5)
  6 frilled lizards
  2 quokka skeletons
  A quokka zombie (D:8)
  16 rats
  3 fungi (Depths:2)
  5 plants
  2 spectral weapons
  9 starspawn tentacles
  4 withered plants (Crypt:3)
4534 creatures vanquished.

Vanquished Creatures (collateral kills)
  3 greater mummies (Tomb:3)
  A shard shrike (Coc:5)
  A shadow dragon (Tar:4)
  A revenant (Tomb:3)
  Louise (Shoals:3)
  3 ice dragons
  An anaconda (Snake:4)
  7 death scarabs (Tomb:3)
  A titan skeleton (Geh:7)
  A storm dragon zombie (Dis:5)
  A sun demon (Geh:4)
  10 skeletal warriors
  A shadow demon (Tar:4)
  2 necromancers (Geh:5)
  2 phantasmal warriors
  A stone giant zombie (Coc:3)
  An iron dragon zombie (Crypt:3)
  A harpy (Shoals:4)
  A rust devil (Dis:5)
  2 dire elephant zombies
  A molten gargoyle (Geh:5)
  An emperor scorpion zombie (Tomb:3)
  A hellion (Geh:4)
  A freezing wraith (Coc:5)
  A white draconian skeleton (Geh:7)
  A red devil (Geh:5)
  2 guardian mummies
  An ice devil (Coc:5)
  A hydra zombie (Coc:7)
  A bog body (Coc:7)
  A fire dragon zombie (Crypt:3)
  A hydra skeleton (Coc:5)
  2 fire giant simulacra
  8 flying skulls
  2 shadows (Tar:4)
  A fire dragon skeleton (Coc:7)
  3 wraiths
  A hungry ghost (Coc:3)
  A snapping turtle zombie (Crypt:3)
  A spiny frog skeleton (Coc:5)
  A necrophage (Tar:4)
  An alligator simulacrum (Coc:4)
  2 iron imps
  A mummy (Tomb:3)
  A shadow imp (Tar:7)
  2 white imps
  An orc (D:7)
83 creatures vanquished.

Vanquished Creatures (others)
  4 eldritch tentacles
  An Executioner (Pan)
  A draconian knight (Zot:3)
  2 blood saints (Pan)
  30 death scarabs
  3 hell hogs
  A titan zombie (Tomb:2)
  A shock serpent (Snake:4)
  A sun demon (Pan)
  A harpy (Shoals:4)
  A torturous demonspawn (Pan)
  An unseen horror (D:14)
  2 necromancers
  A cyclops (D:15)
  An orange demon (Hell)
  A bog body (Coc:7)
  6 flying skulls (Tomb:2)
  A redback (Depths:4)
  A shadow (Depths:2)
  A wraith (Geh:7)
  A chaos spawn (Abyss:4)
  A neqoxec (Pan)
  3 humans (D:15)
  A slave (D:4)
  A small abomination (Abyss:4)
  An ogre (Vaults:5)
  2 wights (Abyss:4)
  A quasit (Abyss:4)
  A hell rat (Hell)
  2 mummies (Tomb:2)
  An adder zombie (Sewer)
  7 orcs
  A giant cockroach zombie (Sewer)
  2 briar patches (Depths:4)
  A fire vortex (Pan)
  12 fungi
  2 lurking horrors (Abyss:4)
  20 plants
  180 spectral weapons
  42 starspawn tentacles
  21 withered plants
364 creatures vanquished.

Grand Total: 4981 creatures vanquished

Notes
Turn   | Place    | Note
-------+----------+-------------------------------------------
     0 | D:1      | Sphara the Ogre Skald began the quest for the Orb.
     0 | D:1      | Reached XP level 1. HP: 22/22 MP: 3/3
   132 | D:1      | Reached XP level 2. HP: 20/31 MP: 5/5
   147 | D:1      | Learned a level 2 spell: Shroud of Golubria
   630 | D:2      | Reached XP level 3. HP: 36/39 MP: 3/6
   721 | D:2      | Learned a level 3 spell: Spectral Weapon
   896 | D:2      | Noticed Sigmund
  1611 | D:3      | Reached XP level 4. HP: 37/49 MP: 1/8
  2414 | D:3      | Found a basalt altar of Yredelemnul.
  2494 | D:3      | Reached XP level 5. HP: 48/55 MP: 8/10
  2784 | D:3      | Noticed a phantom
  2935 | D:4      | Noticed a slave
  2938 | D:4      | Noticed Pikel
  2939 | D:4      | Noticed a slave
  2942 | D:4      | Noticed a slave
  2946 | D:3      | Reached skill level 5 in Fighting
  3037 | D:4      | Noticed an ogre
  3103 | D:4      | Found a stormy altar of Qazlal.
  3138 | D:4      | Found an iron altar of Okawaru.
  3147 | D:4      | Became a worshipper of Warmaster Okawaru
  3175 | D:4      | Found a glowing drain.
  3208 | Sewer    | Entered a sewer
  3425 | Sewer    | Reached skill level 1 in Throwing
  3434 | Sewer    | Reached XP level 6. HP: 18/66 MP: 8/11
  3689 | Sewer    | Noticed Grinder
  3689 | Sewer    | Found a burning altar of Makhleb.
  3697 | Sewer    | Paralysed by Grinder for 5 turns
  3702 | Sewer    | Killed Grinder
  3702 | Sewer    | Reached * piety under Okawaru
  3702 | Sewer    | Reached XP level 7. HP: 61/72 MP: 12/12
  3711 | Sewer    | Reached skill level 5 in Polearms
  4037 | D:4      | Killed Pikel
  4037 | D:4      | Reached ** piety under Okawaru
  4037 | D:4      | Reached XP level 8. HP: 55/80 MP: 7/13
  4504 | D:5      | Entered Level 5 of the Dungeon
  4517 | D:5      | Reached skill level 1 in Hexes
  4753 | D:5      | Reached *** piety under Okawaru
  4930 | D:5      | Noticed Edmund
  4934 | D:5      | Noticed Edmund
  4934 | D:5      | Edmund changed into Edmund the naga
  5116 | D:5      | Reached XP level 9. HP: 52/89 MP: 14/14
  5144 | D:5      | Learned a level 3 spell: Regeneration
  5147 | D:5      | Learned a level 2 spell: Song of Slaying
  5229 | D:5      | Noticed Duvessa
  5230 | D:5      | Noticed Dowan
  5272 | D:5      | Noticed Duvessa
  5272 | D:5      | Duvessa changed into Duvessa the steam dragon
  5619 | D:5      | Killed Duvessa the steam dragon
  5627 | D:5      | Killed Dowan
  5627 | D:5      | Reached skill level 1 in Necromancy
  5639 | D:5      | Found a staircase to the Ecumenical Temple.
  5876 | D:6      | Found a shattered altar of Ashenzari.
  6312 | D:6      | Found a shattered altar of Ashenzari.
  6547 | D:7      | Reached **** piety under Okawaru
  6828 | D:7      | Found a glowing golden altar of the Shining One.
  6957 | D:7      | Reached skill level 1 in Armour
  7209 | D:8      | Received a gift from Okawaru
  7233 | D:8      | Reached XP level 10. HP: 70/106 MP: 15/15
  7348 | D:8      | Reached ***** piety under Okawaru
  7442 | D:8      | Found a staircase to the Lair.
  7504 | D:8      | Reached skill level 5 in Necromancy
  7597 | D:8      | Reached skill level 1 in Evocations
  7602 | D:8      | Received a gift from Okawaru
  7688 | D:8      | Noticed a two-headed ogre
  8164 | D:9      | Received a gift from Okawaru
  8164 | D:9      | Reached XP level 11. HP: 114/117 MP: 14/16
  8274 | D:9      | Found a hide-covered altar of Uskayaw.
  8750 | D:9      | Got a translucent scarf
  8762 | D:9      | Identified the scarf "Kietiajy" {rPois rN+++ Slay-2 SInv} (You found it on level 9 of the Dungeon)
  8981 | D:10     | Entered Level 10 of the Dungeon
  8981 | D:10     | Found a bloodstained altar of Trog.
  9131 | D:9      | Noticed a two-headed ogre
  9145 | D:9      | Killed a two-headed ogre
  9145 | D:9      | Reached skill level 10 in Fighting
  9173 | D:10     | Noticed an unseen horror
  9202 | D:10     | Killed an unseen horror
  9314 | D:10     | Reached skill level 10 in Polearms
  9576 | D:10     | Noticed a queen ant
  9624 | D:10     | Killed a queen ant
  9930 | D:10     | Received a gift from Okawaru
 10076 | D:10     | Got a faintly glowing whip
 10116 | D:10     | Reached XP level 12. HP: 102/132 MP: 17/17
 10602 | D:11     | Noticed a two-headed ogre
 10800 | D:11     | Noticed a two-headed ogre
 10930 | D:11     | Learned a level 3 spell: Tukima's Dance
 10934 | D:11     | Learned a level 3 spell: Lesser Beckoning
 11118 | D:8      | Found a burning altar of Makhleb.
 11223 | Lair:1   | Entered Level 1 of the Lair of Beasts
 11298 | Lair:1   | Identified the Almanac of Twisted Self-Knowledge
 11880 | Lair:1   | You fall through a shaft!
 11919 | Lair:2   | Noticed a death yak
 11920 | Lair:2   | Noticed a death yak
 11920 | Lair:2   | Noticed a death yak
 11920 | Lair:2   | Noticed a death yak
 11920 | Lair:2   | Noticed a death yak
 12232 | Lair:2   | Got a fine mace
 12284 | Lair:1   | Killed a death yak
 12284 | Lair:1   | Received a gift from Okawaru
 12355 | Lair:1   | Killed a death yak
 12471 | Lair:1   | Reached XP level 13. HP: 81/146 MP: 12/20
 12587 | Lair:1   | Reached skill level 5 in Spellcasting
 12964 | Lair:2   | Learned a level 3 spell: Vampiric Draining
 12966 | Lair:2   | Learned a level 1 spell: Apportation
 12973 | Lair:2   | Found a staircase to the Snake Pit.
 13050 | Lair:2   | Reached skill level 5 in Charms
 13414 | Lair:3   | Reached ****** piety under Okawaru
 13782 | Lair:4   | Reached skill level 15 in Fighting
 13854 | Lair:4   | Found a frozen archway.
 13857 | Lair:4   | Found a staircase to the Shoals.
 14052 | Lair:4   | Found a labyrinth entrance.
 14057 | Lab      | Entered a labyrinth
 14225 | Lab      | Received a gift from Okawaru
 14257 | Lab      | Noticed a minotaur
 14280 | Lab      | Killed a minotaur
 14418 | IceCv    | Entered an ice cave
 14427 | IceCv    | Reached skill level 5 in Invocations
 15174 | Lair:5   | Noticed Rupert
 15220 | Lair:6   | Entered Level 6 of the Lair of Beasts
 15251 | Lair:6   | Reached skill level 1 in Translocations
 15322 | Lair:6   | Identified a scroll of acquirement
 15326 | Lair:6   | Got a faintly glowing demon trident
 15332 | Lair:6   | Identified the +1 demon trident "Ninucw" {flame, Int+5 SInv} (You acquired it on level 6 of the Lair of Beasts)
 15460 | Lair:6   | Reached skill level 1 in Shields
 15493 | Lair:6   | Reached XP level 14. HP: 159/159 MP: 19/21
 15703 | Lair:6   | Learned a level 2 spell: Blink
 15927 | Lair:6   | Paralysed by a hornet for 3 turns
 15932 | Lair:6   | Received a gift from Okawaru
 16222 | Lair:6   | Reached skill level 5 in Translocations
 16419 | Lair:5   | Reached skill level 5 in Shields
 16669 | Lair:5   | Found a staircase to the Slime Pits.
 17663 | D:12     | Found a staircase to the Orcish Mines.
 17685 | D:12     | Noticed Urug
 17695 | D:12     | Killed Urug
 17877 | D:12     | Received a gift from Okawaru
 17877 | D:12     | Reached XP level 15. HP: 140/167 MP: 19/22
 18219 | Orc:1    | Entered Level 1 of the Orcish Mines
 18528 | Orc:1    | Found a bloodstained altar of Trog.
 18600 | Orc:1    | Noticed an orc warlord
 18778 | Orc:1    | Killed an orc warlord
 18879 | Orc:2    | Entered Level 2 of the Orcish Mines
 18879 | Orc:2    | Found a staircase to the Elven Halls.
 18899 | Orc:2    | Received a gift from Okawaru
 19030 | Orc:2    | Gained mutation: Scrolls take you a little longer to read. [a neqoxec]
 19068 | Orc:2    | Found Geazoo's General Store.
 19082 | Orc:2    | Found Fimoq's General Store.
 19176 | Orc:2    | Bought a scroll of blinking for 90 gold pieces
 19176 | Orc:2    | Bought 2 potions of haste for 240 gold pieces
 19176 | Orc:2    | Bought a scroll of blinking for 90 gold pieces
 19178 | Orc:2    | Bought a potion of mutation for 128 gold pieces
 19178 | Orc:2    | Bought a scroll of teleportation for 48 gold pieces
 19178 | Orc:2    | Bought a throwing net for 48 gold pieces
 19853 | Orc:2    | Found Wuosioch's Antique Armour Shop.
 19853 | Orc:2    | Found Ciffefoe's Gadget Boutique.
 19854 | Orc:2    | Found a one-way gate leading to the halls of Pandemonium.
 19895 | Orc:2    | Bought a scroll of identify for 24 gold pieces
 19895 | Orc:2    | Bought a scroll of magic mapping for 42 gold pieces
 19895 | Orc:2    | Bought a scroll of teleportation for 36 gold pieces
 19895 | Orc:2    | Bought a scroll of enchant weapon for 90 gold pieces
 19902 | Orc:2    | Bought a scroll of identify for 32 gold pieces
 20603 | D:13     | Found a gate to the Vaults.
 20609 | D:13     | Reached skill level 10 in Shields
 20609 | D:13     | Received a gift from Okawaru
 20616 | D:13     | Reached skill level 5 in Throwing
 21267 | D:14     | Reached XP level 16. HP: 141/176 MP: 13/23
 21434 | D:14     | Noticed Roxanne
 21758 | D:15     | Entered Level 15 of the Dungeon
 21856 | D:14     | Received a gift from Okawaru
 22122 | D:15     | Found Fenesch's Gadget Shop.
 22218 | D:15     | Noticed Kirke
 22257 | D:15     | Killed Kirke
 22602 | D:15     | Found a staircase to the Depths.
 22718 | D:15     | Received a gift from Okawaru
 23050 | Snake:1  | Entered Level 1 of the Snake Pit
 23075 | Snake:1  | Found an ancient bone altar of Kikubaaqudgha.
 23353 | Snake:1  | Found Ramm's Assorted Antiques.
 23354 | Snake:1  | Found Ethroixze's Gadget Shop.
 23358 | Snake:1  | Found Omiutiu's General Store.
 23359 | Snake:1  | Found Comea's Book Shop.
 23361 | Snake:1  | Bought a scorched platinum ring for 185 gold pieces
 23366 | Snake:1  | Identified the ring of Eginakhlo {-Tele rN+++ MP+9 Str+6 Int-4} (You bought it in a shop on level 1 of the Snake Pit)
 23395 | Snake:1  | Bought a scroll of blinking for 277 gold pieces
 23398 | Snake:1  | You fall through a shaft!
 23611 | Snake:1  | Received a gift from Okawaru
 23987 | Snake:2  | Noticed a nagaraja
 24012 | Snake:2  | Killed a nagaraja
 24428 | Snake:3  | Received a gift from Okawaru
 24485 | Snake:3  | Noticed a nagaraja
 24498 | Snake:3  | Killed a nagaraja
 24498 | Snake:3  | Reached XP level 17. HP: 184/184 MP: 21/24
 24783 | Snake:3  | Noticed Aizul
 24796 | Snake:3  | Killed Aizul
 25862 | Snake:4  | Entered Level 4 of the Snake Pit
 25945 | Snake:4  | Received a gift from Okawaru
 25945 | Snake:4  | Reached skill level 15 in Shields
 26106 | Snake:4  | Received a gift from Okawaru
 26324 | Snake:4  | Received a gift from Okawaru
 26368 | Snake:4  | Received a gift from Okawaru
 26404 | Snake:4  | Reached skill level 5 in Armour
 26424 | Snake:4  | Reached skill level 10 in Throwing
 26447 | Snake:4  | Received a gift from Okawaru
 26477 | Snake:4  | Received a gift from Okawaru
 26484 | Snake:4  | Reached XP level 18. HP: 46/193 MP: 8/25
 27058 | Snake:4  | Got a serpentine rune of Zot
 27513 | Shoals:1 | Entered Level 1 of the Shoals
 27814 | Shoals:1 | Received a gift from Okawaru
 28222 | Shoals:2 | Received a gift from Okawaru
 28316 | Shoals:2 | Learned a level 5 spell: Aura of Abjuration
 28400 | Shoals:2 | Noticed Frances
 28418 | Shoals:2 | Killed Frances
 28561 | Shoals:3 | Reached skill level 1 in Summonings
 28636 | Shoals:3 | Noticed Nikola
 28639 | Shoals:3 | Noticed Jorgrun
 28650 | Shoals:3 | Killed Nikola
 28662 | Shoals:3 | Killed Jorgrun
 28737 | Shoals:3 | Noticed Donald
 28824 | Shoals:3 | Noticed Louise
 28849 | Shoals:3 | Killed Louise
 28913 | Shoals:3 | Killed Donald
 28919 | Shoals:3 | Reached XP level 19. HP: 201/201 MP: 23/29
 29068 | Shoals:4 | Entered Level 4 of the Shoals
 29386 | Shoals:4 | Received a gift from Okawaru
 29648 | Shoals:4 | Received a gift from Okawaru
 29770 | Shoals:4 | Got a barnacled rune of Zot
 30515 | Vaults:1 | Entered Level 1 of the Vaults
 30532 | Vaults:1 | Reached skill level 5 in Summonings
 30681 | Vaults:1 | Received a gift from Okawaru
 31087 | Vaults:1 | Noticed pichaelthompson's ghost (adept DsBe)
 31107 | Vaults:1 | Killed pichaelthompson's ghost
 31350 | Vaults:1 | Reached XP level 20. HP: 213/213 MP: 29/32
 31943 | Vaults:1 | Received a gift from Okawaru
 32157 | Vaults:2 | Received a gift from Okawaru
 32320 | Vaults:2 | Noticed Asterion
 32342 | Vaults:2 | Killed Asterion
 32344 | Vaults:2 | Received a gift from Okawaru
 32526 | Vaults:2 | Received a gift from Okawaru
 32748 | Vaults:2 | Found Geosmit's General Store.
 32785 | Vaults:2 | Received a gift from Okawaru
 32806 | Vaults:2 | Bought a book of Geomancy for 490 gold pieces
 32812 | Vaults:2 | Learned a level 5 spell: Lee's Rapid Deconstruction
 32815 | Vaults:2 | Learned a level 2 spell: Passwall
 32896 | Vaults:2 | Reached skill level 1 in Earth Magic
 32937 | Vaults:2 | Reached skill level 1 in Transmutations
 32978 | Vaults:2 | Received a gift from Okawaru
 33106 | Vaults:2 | Found a staircase to the Crypt.
 33106 | Vaults:2 | Found a basalt altar of Yredelemnul.
 33121 | Vaults:2 | Found an ancient bone altar of Kikubaaqudgha.
 33176 | Vaults:2 | Received a gift from Okawaru
 33670 | Vaults:2 | Reached XP level 21. HP: 162/222 MP: 29/33
 33754 | Vaults:2 | Received a gift from Okawaru
 34030 | Vaults:3 | Received a gift from Okawaru
 34162 | Vaults:3 | Received a gift from Okawaru
 34812 | Vaults:3 | Reached skill level 5 in Earth Magic
 35005 | Vaults:3 | Reached skill level 5 in Transmutations
 35204 | Vaults:3 | Reached skill level 15 in Throwing
 35472 | Vaults:4 | Received a gift from Okawaru
 35738 | Vaults:4 | Received a gift from Okawaru
 35809 | Vaults:4 | Noticed Mennas
 35863 | Vaults:4 | Killed Mennas
 36157 | Vaults:4 | Found a portal to a secret trove of treasure.
 36260 | Vaults:4 | Received a gift from Okawaru
 36612 | Vaults:4 | Found Kucuucwi's Food Boutique.
 36754 | Vaults:2 | Reached XP level 22. HP: 234/234 MP: 34/34
 36813 | Elf:1    | Entered Level 1 of the Elven Halls
 36838 | Elf:1    | Received a gift from Okawaru
 37362 | Elf:1    | Received a gift from Okawaru
 37548 | Elf:1    | Found Zeliusch's General Store.
 37551 | Elf:1    | Bought a scroll of enchant armour for 105 gold pieces
 37752 | Elf:1    | Received a gift from Okawaru
 38538 | Elf:2    | Found a runed gate.
 38538 | Elf:2    | Found a runed gate.
 38539 | Elf:2    | Found a runed gate.
 38829 | Elf:3    | Entered Level 3 of the Elven Halls
 39217 | Elf:3    | Found Tiqaap's Antique Weapon Shoppe.
 39889 | Elf:3    | Received a gift from Okawaru
 40075 | Elf:3    | Received a gift from Okawaru
 40186 | Elf:3    | Reached skill level 10 in Earth Magic
 40239 | Elf:3    | Received a gift from Okawaru
 40260 | Elf:3    | Reached XP level 23. HP: 245/247 MP: 35/35
 40859 | Elf:3    | Received a gift from Okawaru
 40910 | Elf:3    | Identified Sif Muna's Tome of Destructive Necromancy
 41328 | Depths:1 | Entered Level 1 of the Depths
 41548 | Depths:1 | Identified the Reference Book on the Glacier and Feathers
 41644 | Depths:1 | Found a gateway to a ziggurat.
 42435 | Lair:4   | Learned a level 6 spell: Statue Form
 42854 | Depths:1 | Found a gateway to Hell.
 42854 | Depths:1 | Found Buraaq's Magic Scroll Shoppe.
 42921 | Depths:1 | Bought a scroll of identify for 48 gold pieces
 42921 | Depths:1 | Bought a scroll of identify for 48 gold pieces
 42921 | Depths:1 | Bought a scroll of fear for 84 gold pieces
 42921 | Depths:1 | Bought a scroll of identify for 48 gold pieces
 42921 | Depths:1 | Bought a scroll of enchant weapon for 180 gold pieces
 42921 | Depths:1 | Bought a scroll of silence for 180 gold pieces
 42921 | Depths:1 | Bought a scroll of fog for 48 gold pieces
 42921 | Depths:1 | Bought a scroll of blinking for 180 gold pieces
 42921 | Depths:1 | Bought a scroll of brand weapon for 480 gold pieces
 43135 | Depths:2 | Received a gift from Okawaru
 44461 | Depths:3 | Reached XP level 24. HP: 248/262 MP: 34/36
 45127 | Depths:2 | Reached skill level 10 in Spellcasting
 45131 | Depths:2 | Received a gift from Okawaru
 45278 | Depths:2 | Paralysed by a floating eye for 4 turns
 45298 | Depths:2 | Reached XP level 25. HP: 258/270 MP: 37/37
 45578 | Depths:2 | Received a gift from Okawaru
 45878 | Depths:2 | Reached XP level 26. HP: 117/280 MP: 38/38
 46192 | Depths:3 | Gained mutation: You are frail. (-10% HP) [a neqoxec]
 46207 | Depths:3 | Reached skill level 10 in Transmutations
 46234 | Depths:3 | Lost mutation: Scrolls take you a little longer to read. [potion of mutation]
 46234 | Depths:3 | Gained mutation: You have a pair of small horns on your head. [potion of mutation]
 46234 | Depths:3 | Gained mutation: You are agile. (Dex +2) [potion of mutation]
 46234 | Depths:3 | Gained mutation: You can translocate small distances at will. [potion of mutation]
 46235 | Depths:3 | Lost mutation: You can translocate small distances at will. [potion of mutation]
 46235 | Depths:3 | Lost mutation: You are agile. (Dex +2) [potion of mutation]
 46235 | Depths:3 | Lost mutation: You are frail. (-10% HP) [potion of mutation]
 46235 | Depths:3 | Lost mutation: You have a pair of small horns on your head. [potion of mutation]
 46235 | Depths:3 | Gained mutation: You have large cloven feet. [potion of mutation]
 46235 | Depths:3 | Gained mutation: Your system is resistant to poisons. (rPois) [potion of mutation]
 46235 | Depths:3 | Gained mutation: You are agile. (Dex +2) [potion of mutation]
 46235 | Depths:3 | Gained mutation: You are somewhat resistant to further mutation. [potion of mutation]
 46302 | Depths:3 | Found a corrupted altar of Lugonu.
 46303 | Depths:3 | Found a one-way gate to the infinite horrors of the Abyss.
 46693 | Depths:3 | Received a gift from Okawaru
 47012 | Depths:4 | Noticed Sojobo
 47035 | Depths:4 | Killed Sojobo
 47039 | Depths:4 | Reached skill level 15 in Polearms
 47060 | Depths:4 | Found a large runed door.
 47061 | Depths:4 | Found a large runed door.
 47099 | Depths:4 | Received a gift from Okawaru
 47314 | Depths:3 | Learned a level 4 spell: Passage of Golubria
 47444 | Depths:4 | Reached XP level 27. HP: 221/288 MP: 39/39
 47790 | Depths:5 | Entered Level 5 of the Depths
 47842 | Depths:5 | Noticed a juggernaut
 47853 | Depths:5 | Killed a juggernaut
 48228 | Depths:5 | Found a shattered altar of Ashenzari.
 48688 | Depths:5 | Noticed Margery
 48766 | Depths:5 | Found Xievejan's Weapon Boutique.
 48823 | Depths:5 | Received a gift from Okawaru
 49003 | Depths:5 | Received a gift from Okawaru
 49022 | Depths:5 | Found a gate to the Realm of Zot.
 49310 | Orc:2    | Bought an uncursed ring of protection from fire for 400 gold pieces
 49310 | Orc:2    | Bought a scroll of immolation for 56 gold pieces
 49463 | Vaults:5 | Entered Level 5 of the Vaults
 49623 | Vaults:4 | Reached skill level 10 in Necromancy
 49693 | Vaults:5 | Noticed Frederick
 49702 | Vaults:5 | Killed Frederick
 49746 | Vaults:5 | Received a gift from Okawaru
 49924 | Vaults:5 | Noticed an ancient lich
 49937 | Vaults:5 | Killed an ancient lich
 50126 | Vaults:5 | Found Upoquf's Antique Armour Boutique.
 50421 | Vaults:5 | Noticed an ancient lich
 50441 | Vaults:5 | Killed an ancient lich
 50663 | Vaults:5 | Received a gift from Okawaru
 50780 | Vaults:5 | Received a gift from Okawaru
 50852 | Vaults:5 | Got a silver rune of Zot
 50853 | Vaults:5 | Identified Mimeetoch's Incunabulum of Toxins and Changing
 51767 | Lair:4   | Identified the ring "Wyghyqot" {-Tele rF+ MR- Str+3 Dex+2} (You found it on level 4 of the Lair of Beasts)
 52010 | Lair:5   | Killed Rupert
 52154 | Slime:1  | Entered Level 1 of the Pits of Slime
 52156 | Slime:1  | Gained mutation: Scrolls take you a little longer to read. [a shining eye]
 52157 | Slime:1  | Lost mutation: You are agile. (Dex +2) [a shining eye]
 52627 | Slime:3  | Gained mutation: You are clumsy. (Dex -2) [a shining eye]
 52653 | Slime:4  | Gained mutation: Armour fits poorly on your strangely shaped body. [a shining eye]
 52692 | Slime:3  | Gained mutation: Scrolls take you longer to read. [a shining eye]
 52695 | Slime:3  | MUTATION RESISTANCE MY ASS!!!!!!!!!!!!!!!!!!
 52941 | Slime:5  | Entered Level 5 of the Pits of Slime
 52981 | Slime:5  | Noticed the Royal Jelly
 52982 | Slime:5  | Lost mutation: You are clumsy. (Dex -2) [potion of mutation]
 52982 | Slime:5  | Lost mutation: Armour fits poorly on your strangely shaped body. [potion of mutation]
 52982 | Slime:5  | Lost mutation: Scrolls take you longer to read. [potion of mutation]
 52982 | Slime:5  | Lost mutation: Scrolls take you a little longer to read. [potion of mutation]
 52982 | Slime:5  | Gained mutation: You are frail. (-10% HP) [potion of mutation]
 53004 | Slime:5  | Killed the Royal Jelly
 53137 | Slime:4  | Received a gift from Okawaru
 53181 | Slime:5  | Identified the ring "Daesm" {rPois rF+ rC+ Dex+3} (You found it on level 5 of the Pits of Slime)
 53182 | Slime:5  | yabbadabba doo
 53197 | Slime:5  | Identified the ring "Ysed" {rF- MR+ Str+5 Dex+2 Stlth+} (You found it on level 5 of the Pits of Slime)
 53252 | Slime:5  | Got a slimy rune of Zot
 53262 | Slime:5  | Learned a level 5 spell: Yara's Violent Unravelling
 53298 | Slime:5  | Identified the ring "Loinliq" {rC+++ Str+3 Stlth-} (You found it on level 5 of the Pits of Slime)
 53822 | Crypt:1  | Entered Level 1 of the Crypt
 54458 | Crypt:2  | Found a magical portal.
 54472 | WizLab   | Entered Wucad Mu's Monastery
 55636 | Crypt:2  | Reached skill level 15 in Necromancy
 55793 | Crypt:2  | Reached skill level 5 in Dodging
 55953 | Crypt:2  | Reached skill level 10 in Invocations
 55983 | Crypt:3  | Entered Level 3 of the Crypt
 56050 | Crypt:3  | Identified the Guide on Black Rites
 56056 | Crypt:3  | Learned a level 4 spell: Control Undead
 56061 | Crypt:3  | Identified the amulet of Xom's Sleight of Hands {RegenMP rC+} (You found it on level 3 of the Crypt)
 56358 | Crypt:3  | Noticed Jory
 56369 | Crypt:3  | Killed Jory
 56398 | Crypt:3  | Reached skill level 15 in Spellcasting
 56406 | Crypt:3  | Found a staircase to the Tomb.
 56412 | Crypt:3  | Received a gift from Okawaru
 56736 | Crypt:3  | Identified the amulet of Vaesuryk {Inacc MR++ Str-2} (You found it on level 3 of the Crypt)
 57083 | Crypt:3  | Found an ancient bone altar of Kikubaaqudgha.
 57284 | Crypt:3  | Received a gift from Okawaru
 57293 | Crypt:3  | Noticed an ancient lich
 57299 | Crypt:3  | Killed an ancient lich
 57684 | Depths:3 | Voluntarily entered the Abyss.
 57694 | Abyss:1  | Found a corrupted altar of Lugonu.
 58301 | Abyss:1  | Found a corrupted altar of Lugonu.
 58645 | Abyss:4  | Paralysed by accursed screaming for 1 turns
 58697 | Abyss:4  | Reached skill level 10 in Dodging
 58881 | Abyss:4  | Found a corrupted altar of Lugonu.
 59033 | Abyss:4  | Received a gift from Okawaru
 59192 | Abyss:4  | Paralysed by accursed screaming for 1 turns
 59206 | Abyss:4  | Received a gift from Okawaru
 59281 | Abyss:4  | Paralysed by accursed screaming for 2 turns
 59284 | Abyss:4  | Paralysed by accursed screaming for 2 turns
 59514 | Abyss:4  | Received a gift from Okawaru
 59548 | Abyss:4  | Paralysed by accursed screaming for 1 turns
 59567 | Abyss:4  | Paralysed by accursed screaming for 1 turns
 59576 | Abyss:4  | Found a corrupted altar of Lugonu.
 59624 | Abyss:4  | Found a corrupted altar of Lugonu.
 60257 | Abyss:4  | Got an abyssal rune of Zot
 60277 | Abyss:4  | Found a corrupted altar of Lugonu.
 60549 | Depths:3 | Escaped the Abyss
 60762 | Depths:2 | Learned a level 3 spell: Portal Projectile
 60844 | Zot:1    | Entered Level 1 of the Realm of Zot
 61225 | Zot:1    | You fall through a shaft!
 61365 | Zot:2    | Received a gift from Okawaru
 61509 | Zot:2    | Reached skill level 10 in Translocations
 62104 | Zot:2    | Identified Deulas's Guide on Ice and Orientation
 62112 | Zot:2    | Learned a level 5 spell: Summon Forest
 62531 | Zot:3    | Received a gift from Okawaru
 62565 | Zot:3    | Noticed an orb of fire
 62580 | Zot:3    | Killed an orb of fire
 63171 | Zot:4    | Noticed an orb of fire
 63179 | Zot:4    | Killed an orb of fire
 63797 | Zot:4    | Got a scorched tin ring
 63798 | Zot:4    | Identified the ring "Ofunuf" {rC+ AC+1 Str+2} (You acquired it on level 4 of the Realm of Zot)
 64067 | Zig:1    | Entered Level 1 of a ziggurat
 64088 | Zig:2    | Entered Level 2 of a ziggurat
 64088 | Zig:2    | Noticed an ancient lich
 64098 | Zig:2    | Killed an ancient lich
 64126 | Zig:3    | Entered Level 3 of a ziggurat
 64204 | Zig:4    | Entered Level 4 of a ziggurat
 64259 | Zig:5    | Entered Level 5 of a ziggurat
 64325 | Zig:6    | Entered Level 6 of a ziggurat
 64351 | Zig:6    | Gained mutation: You are very frail. (-20% HP) [a neqoxec]
 64538 | Depths:1 | Lost mutation: You are very frail. (-20% HP) [potion of mutation]
 64538 | Depths:1 | Lost mutation: You are somewhat resistant to further mutation. [potion of mutation]
 64538 | Depths:1 | Gained mutation: You are resistant to hostile enchantments. (MR+) [potion of mutation]
 64538 | Depths:1 | Gained mutation: You have a somewhat thin skeletal structure. (Dex +2, Stealth) [potion of mutation]
 64538 | Depths:1 | Gained mutation: Your spells are a little harder to cast, but a little more powerful. [potion of mutation]
 64609 | Depths:3 | Received a gift from Okawaru
 64623 | Pan      | Entered Pandemonium
 64648 | Pan      | Noticed Yllukh the pandemonium lord
 64672 | Pan      | Entered the realm of Mnoleg.
 64678 | Pan      | Found an exit through the horrors of the Abyss.
 64741 | Pan      | Lost mutation: Your spells are a little harder to cast, but a little more powerful. [a cacodemon]
 64749 | Pan      | Received a gift from Okawaru
 64777 | Pan      | Gained mutation: Your body sometimes deteriorates upon taking damage. [a neqoxec]
 64778 | Pan      | Lost mutation: Your body sometimes deteriorates upon taking damage. [a cacodemon]
 64925 | Pan      | Reached skill level 5 in Evocations
 65016 | Pan      | Noticed Mnoleg
 65017 | Pan      | Lost mutation: You are frail. (-10% HP) [a neqoxec]
 65037 | Pan      | Gained mutation: You are occasionally teleported next to monsters. [Mnoleg's mutagenic touch]
 65041 | Pan      | Killed Mnoleg
 65043 | Pan      | Gained mutation: You are dopey. (Int -2) [a neqoxec]
 65055 | Pan      | Gained mutation: You tend to lose your temper in combat. [a cacodemon]
 65096 | Pan      | Got a glowing rune of Zot
 65159 | Pan      | Noticed Lumial the pandemonium lord
 65186 | Pan      | Lost mutation: Your system is resistant to poisons. (rPois) [potion of mutation]
 65186 | Pan      | Lost mutation: You are resistant to hostile enchantments. (MR+) [potion of mutation]
 65186 | Pan      | Lost mutation: You are dopey. (Int -2) [potion of mutation]
 65186 | Pan      | Gained mutation: Your mind is acute. (Int +2) [potion of mutation]
 65186 | Pan      | Gained mutation: You have a pair of small antennae on your head. [potion of mutation]
 65187 | Pan      | Lost mutation: You are occasionally teleported next to monsters. [potion of mutation]
 65187 | Pan      | Lost mutation: You tend to lose your temper in combat. [potion of mutation]
 65187 | Pan      | Lost mutation: You have a pair of small antennae on your head. [potion of mutation]
 65187 | Pan      | Lost mutation: Your mind is acute. (Int +2) [potion of mutation]
 65187 | Pan      | Gained mutation: Your mind is acute. (Int +2) [potion of mutation]
 65187 | Pan      | Gained mutation: Your flesh is cold resistant. (rC+) [potion of mutation]
 65187 | Pan      | Gained mutation: You evolve. [potion of mutation]
 65240 | Pan      | Gained mutation: Your magical capacity is low. (-10% MP) [a cacodemon]
 65408 | Pan      | Received a gift from Okawaru
 65644 | Pan      | Found a runed door.
 65649 | Pan      | Found a runed door.
 65779 | Pan      | Found an exit through the horrors of the Abyss.
 65922 | Pan      | Received a gift from Okawaru
 66052 | Pan      | Received a gift from Okawaru
 66125 | Pan      | Found an exit through the horrors of the Abyss.
 66221 | Pan      | Received a gift from Okawaru
 66575 | Pan      | Reached skill level 15 in Dodging
 66769 | Pan      | Found an exit through the horrors of the Abyss.
 66816 | Pan      | Entered the realm of Gloorx Vloq.
 67010 | Pan      | Found an exit through the horrors of the Abyss.
 67079 | Pan      | Received a gift from Okawaru
 67179 | Pan      | Received a gift from Okawaru
 67187 | Pan      | Identified the scarf of Theory {-Tele rF+ rN+ Int+4} (Okawaru gifted it to you in Pandemonium)
 67207 | Pan      | Gained mutation: You are clumsy. (Dex -2) [a neqoxec]
 67212 | Pan      | Noticed Gloorx Vloq
 67229 | Pan      | Killed Gloorx Vloq
 67251 | Pan      | Got a dark rune of Zot
 67647 | Pan      | Gained mutation: You are very clumsy. (Dex -4) [a neqoxec]
 67664 | Pan      | Entered the realm of Cerebov.
 67887 | Pan      | Noticed Cerebov
 67911 | Pan      | Killed Cerebov
 67911 | Pan      | Received a gift from Okawaru
 67926 | Pan      | Identified the +1 trident "Julluirr" {pierce, Fragile rC++} (Okawaru gifted it to you in Pandemonium)
 68106 | Pan      | Learned a level 4 spell: Animate Dead
 68129 | Pan      | Got a fiery rune of Zot
 68343 | Pan      | Found an exit through the horrors of the Abyss.
 68414 | Pan      | Received a gift from Okawaru
 68601 | Pan      | Noticed Tehis the pandemonium lord
 68607 | Pan      | Identified the ring "Vicvotai" {+Fly rElec} (You found it in Pandemonium)
 68629 | Pan      | Found an exit through the horrors of the Abyss.
 68693 | Pan      | Received a gift from Okawaru
 68724 | Depths:3 | Escaped Pandemonium
 68771 | Pan      | Entered Pandemonium
 68836 | Pan      | Found an exit through the horrors of the Abyss.
 68888 | Pan      | Received a gift from Okawaru
 68990 | Pan      | Gained mutation: You possess an exceptional clarity of mind. [a neqoxec]
 69175 | Pan      | Noticed Uttoyggu the pandemonium lord
 69404 | Pan      | Noticed Iggoistri the pandemonium lord
 69419 | Pan      | Killed Iggoistri the pandemonium lord
 69439 | Pan      | Received a gift from Okawaru
 69442 | Pan      | Identified the +3 hat "Ycsyfogaom" {+Inv rF- MR+ Int+7} (Okawaru gifted it to you in Pandemonium)
 69492 | Pan      | Entered the realm of Lom Lobon.
 69540 | Pan      | Found an exit through the horrors of the Abyss.
 69765 | Pan      | Noticed Lom Lobon
 69778 | Pan      | Killed Lom Lobon
 69783 | Pan      | Got a magical rune of Zot
 70035 | Pan      | Found an exit through the horrors of the Abyss.
 70089 | Pan      | Gained mutation: Your body sometimes deteriorates upon taking damage. [a cacodemon]
 70491 | Pan      | Noticed Banoipn the pandemonium lord
 70498 | Pan      | Killed Banoipn the pandemonium lord
 70498 | Pan      | Received a gift from Okawaru
 70608 | Pan      | Reached skill level 1 in Stealth
 70687 | Pan      | Gained mutation: Your natural rate of healing is unusually fast. [evolution]
 70874 | Pan      | Found an exit through the horrors of the Abyss.
 71004 | Pan      | Reached skill level 5 in Stealth
 71200 | Pan      | Found an exit through the horrors of the Abyss.
 71208 | Pan      | Took an exit into the Abyss.
 71208 | Abyss:1  | Escaped into the Abyss
 71271 | Abyss:1  | Received a gift from Okawaru
 71383 | Abyss:1  | Noticed an ancient lich
 71392 | Abyss:1  | Killed an ancient lich
 71406 | Abyss:1  | Received a gift from Okawaru
 71415 | Depths:3 | Escaped the Abyss
 71469 | Pan      | Entered Pandemonium
 71486 | Pan      | Found a huge runed gate.
 71515 | Pan      | Noticed Fimeadgh the pandemonium lord
 71523 | Pan      | Killed Fimeadgh the pandemonium lord
 71523 | Pan      | Reached skill level 10 in Stealth
 71539 | Pan      | Received a gift from Okawaru
 71566 | Pan      | Got a demonic rune of Zot
 71648 | Pan      | Found an exit through the horrors of the Abyss.
 71671 | Pan      | Took an exit into the Abyss.
 71671 | Abyss:1  | Escaped into the Abyss
 71684 | Abyss:1  | Found a corrupted altar of Lugonu.
 71712 | Depths:3 | Escaped the Abyss
 71753 | Hell     | Entered the Vestibule of Hell
 71753 | Hell     | Noticed Geryon
 71766 | Hell     | Killed Geryon
 72160 | Depths:3 | Received a gift from Okawaru
 72270 | Hell     | Found a gateway to the ashen valley of Gehenna.
 72334 | Hell     | Found a gateway to the Iron City of Dis.
 72343 | Dis:1    | Entered Level 1 of the Iron City of Dis
 72385 | Dis:1    | You fall through a shaft!
 72672 | Dis:3    | Received a gift from Okawaru
 72921 | Dis:5    | Received a gift from Okawaru
 72925 | Dis:5    | Lost mutation: You possess an exceptional clarity of mind. [mutagenic glow]
 73157 | Dis:5    | Reached skill level 27 in Fighting
 73949 | Dis:7    | Entered Level 7 of the Iron City of Dis
 74049 | Dis:7    | Noticed Dispater
 74055 | Dis:7    | Got an iron rune of Zot
 74068 | Dis:7    | FUCK DIS CITY !!!!!!!!!!!!!!!!
 74120 | Geh:1    | Entered Level 1 of Gehenna
 74127 | Geh:1    | TORMENTOR TORMENT AVERAGE: 2/ TORMENTOR, WHENEVER SPOTTED
 74242 | Geh:1    | Received a gift from Okawaru
 74283 | Geh:1    | Lost mutation: You are very clumsy. (Dex -4) [evolution]
 74835 | Geh:5    | Received a gift from Okawaru
 74951 | Geh:7    | Entered Level 7 of Gehenna
 75130 | Geh:7    | Received a gift from Okawaru
 75137 | Geh:7    | Identified the quicksilver dragon scales of the Burgomaster {rF+ MR+} (Okawaru gifted it to you on level 7 of Gehenna)
 75336 | Geh:7    | Got a crude ivory ring
 75337 | Geh:7    | Identified the ring of the Amoeba {Ice *Contam MR- Int+8 Dex+9} (You found it on level 7 of Gehenna)
 75633 | Geh:7    | Noticed Asmodeus
 75648 | Geh:7    | Killed Asmodeus
 75696 | Geh:7    | Got an obsidian rune of Zot
 75838 | Geh:7    | Reached skill level 27 in Throwing
 75907 | Hell     | Found a gateway to the decaying netherworld of Tartarus.
 75916 | Tar:1    | Entered Level 1 of Tartarus
 76113 | Tar:3    | Received a gift from Okawaru
 76198 | Tar:4    | Received a gift from Okawaru
 76387 | Tar:4    | Received a gift from Okawaru
 76455 | Tar:5    | You fall through a shaft!
 76463 | Tar:7    | Entered Level 7 of Tartarus
 76543 | Tar:7    | Got a bone rune of Zot
 76645 | Hell     | Found a gateway to the freezing wastes of Cocytus.
 76773 | Coc:1    | Entered Level 1 of Cocytus
 76979 | Coc:4    | Received a gift from Okawaru
 77166 | Coc:7    | Entered Level 7 of Cocytus
 77231 | Coc:7    | Reached skill level 15 in Invocations
 77353 | Coc:7    | Noticed Nebukadnezar's ghost (legendary TrCK)
 77389 | Coc:7    | Killed Nebukadnezar's ghost
 77389 | Coc:7    | Reached skill level 15 in Stealth
 77472 | Coc:7    | Received a gift from Okawaru
 77565 | Coc:7    | Received a gift from Okawaru
 77659 | Coc:7    | Received a gift from Okawaru
 77682 | Coc:7    | Noticed the Serpent of Hell
 77691 | Coc:7    | Killed the Serpent of Hell
 77719 | Coc:7    | Gained mutation: You are partially covered in iridescent scales. (AC +2) [evolution]
 77777 | Coc:7    | Noticed Antaeus
 77810 | Coc:7    | Killed Antaeus
 77883 | Coc:7    | Got an icy rune of Zot
 78350 | Tomb:1   | Entered Level 1 of the Tomb of the Ancients
 78662 | Tomb:1   | Noticed a greater mummy
 78670 | Tomb:1   | Killed a greater mummy
 78693 | Tomb:1   | Noticed a greater mummy
 78696 | Tomb:1   | Killed a greater mummy
 78753 | Tomb:1   | Noticed a greater mummy
 78753 | Tomb:1   | Noticed a greater mummy
 78754 | Tomb:1   | Noticed a greater mummy
 78761 | Tomb:1   | Killed a greater mummy
 78769 | Tomb:1   | Killed a greater mummy
 78769 | Tomb:1   | Received a gift from Okawaru
 78779 | Tomb:1   | Killed a greater mummy
 78784 | Tomb:1   | Identified the +4 trident of Okawaru's Esteem {flame, *Corrode +Inv rN+++ Dex-4} (Okawaru gifted it to you on level 1 of the Tomb of the Ancients)
 78785 | Tomb:1   | Noticed a greater mummy
 78794 | Tomb:1   | Killed a greater mummy
 78813 | Tomb:1   | Noticed a greater mummy
 78822 | Tomb:1   | Killed a greater mummy
 78841 | Tomb:1   | Noticed a greater mummy
 78852 | Tomb:1   | Killed a greater mummy
 79115 | Tomb:3   | Entered Level 3 of the Tomb of the Ancients
 79138 | Tomb:3   | Paralysed by the power of Zot for 4 turns
 79295 | Tomb:3   | Received a gift from Okawaru
 79319 | Tomb:3   | Received a gift from Okawaru
 79338 | Tomb:3   | Noticed an ancient lich
 79426 | Tomb:3   | Noticed a greater mummy
 79427 | Tomb:3   | Noticed a greater mummy
 79428 | Tomb:3   | Noticed a greater mummy
 79445 | Tomb:3   | Cast into level 5 of the Abyss (the power of Zot)
 79445 | Abyss:5  | Entered Level 5 of the Abyss
 79513 | Abyss:5  | Found a sacrificial altar of Ru.
 79674 | Abyss:5  | Paralysed by accursed screaming for 1 turns
 79685 | Tomb:3   | Escaped the Abyss
 79685 | Tomb:3   | Noticed a greater mummy
 79701 | Tomb:2   | Killed a greater mummy
 79776 | Tomb:3   | Noticed a greater mummy
 79776 | Tomb:3   | Noticed a greater mummy
 79776 | Tomb:3   | Noticed a greater mummy
 79788 | Tomb:3   | Killed a greater mummy
 79796 | Tomb:3   | Killed a greater mummy
 79808 | Tomb:3   | Killed a greater mummy
 79818 | Tomb:3   | Killed a greater mummy
 79818 | Tomb:3   | Reached skill level 15 in Earth Magic
 79823 | Tomb:3   | Received a gift from Okawaru
 79834 | Tomb:3   | Killed a greater mummy
 79855 | Tomb:3   | Identified the ring of Datogig {*Drain Int+5 Dex+4 Stlth-} (You found it on level 3 of the Tomb of the Ancients)
 79869 | Tomb:2   | Killed an ancient lich
 79990 | Tomb:3   | Got a heavily runed wooden ring
 79991 | Tomb:3   | Identified the cursed ring "Zarur" {rF+ rN+ Str-2 Int-4 Stlth+} (You found it on level 3 of the Tomb of the Ancients)
 80023 | Tomb:3   | Noticed a greater mummy
 80038 | Tomb:3   | Killed a greater mummy
 80038 | Tomb:3   | Received a gift from Okawaru
 80058 | Tomb:3   | Killed a greater mummy
 80080 | Tomb:3   | Got a golden rune of Zot
 80542 | Zot:5    | Entered Level 5 of the Realm of Zot
 80675 | Zot:5    | Noticed Romulous's ghost (legendary MiFi)
 80714 | Zot:5    | Killed Romulous's ghost
 80877 | Zot:5    | Noticed an orb of fire
 80881 | Zot:5    | Noticed an ancient lich
 80904 | Zot:5    | Noticed an ancient lich
 80908 | Zot:5    | Killed an ancient lich
 80913 | Zot:5    | Killed an ancient lich
 80930 | Zot:5    | Received a gift from Okawaru
 80937 | Zot:5    | Noticed an orb of fire
 80941 | Zot:5    | Gained mutation: Armour fits poorly on your strangely shaped body. [an orb of fire]
 80949 | Zot:5    | Killed an orb of fire
 80972 | Zot:5    | Killed an orb of fire
 80991 | Zot:5    | Noticed an orb of fire
 80998 | Zot:5    | Killed an orb of fire
 80998 | Zot:5    | Gained mutation: Your flesh is heat resistant. (rF+) [evolution]
 80998 | Zot:5    | Lost mutation: You evolve. [end of evolution]
 81029 | Zot:5    | Noticed an ancient lich
 81033 | Zot:5    | Killed an ancient lich
 81117 | Zot:5    | Got the Orb of Zot
 81147 | Zot:5    | Noticed Foahawk the pandemonium lord
 81441 | D:9      | Noticed Soziucie the pandemonium lord
 81579 | D:$      | Escaped with the Orb!

Skill      XL: |  1  2  3  4  5  6  7  8  9 10 11 12 13 14 15 16 17 18 19 20 21 22 23 24 25 26 27 |
---------------+----------------------------------------------------------------------------------+-----
Fighting       | 3 4 5 6 8 9 11 14 15 16 18 19 27 | 27.0
Spellcasting   | 3 4 5 7 8 9 10 11 12 18 | 18.5
Charms         | 3 4 5 6 9 |  9.0
Polearms       | 3 4 6 7 8 10 12 13 14 15 20 | 20.8
Throwing       | 1 3 5 7 10 12 13 14 15 17 27 | 27.0
Invocations    | 4 6 7 9 20 | 20.1
Hexes          | 2 |  2.2
Necromancy     | 3 6 18 | 18.0
Armour         | 2 3 5 8 9 |  9.5
Evocations     | 2 4 9 |  9.2
Translocations | 2 6 13 | 13.2
Shields        | 1 7 10 13 15 19 | 19.2
Summonings     | 2 6 8 9 |  9.0
Dodging        | 3 4 15 | 15.7
Earth Magic    | 3 7 10 11 12 13 14 16 | 16.3
Transmutations | 3 6 7 9 10 13 | 13.0
Stealth        | 16 | 16.6

Action                   |  1- 3 |  4- 6 |  7- 9 | 10-12 | 13-15 | 16-18 | 19-21 | 22-24 | 25-27 || total
-------------------------+-------+-------+-------+-------+-------+-------+-------+-------+-------++-------
Melee: Spear             |   149 |    32 |       |       |       |       |       |       |       ||   181
       Trident           |       |   175 |   274 |  1103 |   410 |       |       |       |       ||  1962
       Punch             |       |       |     1 |     4 |     1 |       |       |       |       ||     6
       Demon trident     |       |       |       |       |  1000 |  1298 |  1693 |  1403 |  8147 || 13541
       Kick              |       |       |       |       |       |       |       |       |  2712 ||  2712
 Fire: Blowgun           |       |       |     8 |       |       |       |       |       |       ||     8
Throw: Stone             |    60 |     1 |     1 |       |       |       |       |       |       ||    62
       Tomahawk          |       |       |    10 |     2 |    19 |       |       |       |       ||    31
       Javelin           |       |       |       |     1 |       |    48 |     3 |       |     8 ||    60
       Large rock        |       |       |       |       |     1 |     4 |     8 |     7 |   662 ||   682
 Cast: Infusion          |    11 |    13 |     4 |     1 |     1 |       |       |       |       ||    30
       Shroud of Golubri |     2 |     5 |     1 |    15 |    17 |     2 |       |       |     1 ||    43
       Spectral Weapon   |       |     5 |    32 |    90 |   126 |    72 |    81 |    74 |   264 ||   744
       Regeneration      |       |       |     9 |    89 |   106 |    74 |    65 |   101 |   479 ||   923
       Apportation       |       |       |       |       |     5 |     4 |     6 |       |   129 ||   144
       Blink             |       |       |       |       |     4 |    18 |     5 |       |    67 ||    94
       Vampiric Draining |       |       |       |       |       |     3 |       |       |       ||     3
       Song of Slaying   |       |       |       |       |       |     2 |       |     1 |     4 ||     7
       Aura of Abjuratio |       |       |       |       |       |       |     1 |       |     9 ||    10
       Lee's Rapid Decon |       |       |       |       |       |       |       |     9 |   122 ||   131
       Statue Form       |       |       |       |       |       |       |       |     2 |   274 ||   276
       Passage of Golubr |       |       |       |       |       |       |       |       |    16 ||    16
       Control Undead    |       |       |       |       |       |       |       |       |    73 ||    73
       Portal Projectile |       |       |       |       |       |       |       |       |    14 ||    14
       Passwall          |       |       |       |       |       |       |       |       |    13 ||    13
       Animate Dead      |       |       |       |       |       |       |       |       |     3 ||     3
Invok: Heroism           |       |       |     4 |     8 |     4 |     4 |     1 |     3 |    11 ||    35
       Finesse           |       |       |       |       |       |       |     1 |       |    22 ||    23
 Abil: End Transformatio |       |       |       |       |       |       |       |       |     1 ||     1
Evoke: Wand              |       |     5 |    12 |     6 |    10 |    21 |     8 |    10 |    42 ||   114
       Lightning rod     |       |       |       |       |     8 |     2 |       |       |     1 ||    11
       Lamp of fire      |       |       |       |       |     4 |     2 |     2 |     2 |     2 ||    12
       Box of beasts     |       |       |       |       |       |     1 |       |       |     1 ||     2
       Phial of floods   |       |       |       |       |       |       |       |       |     1 ||     1
  Use: Scroll            |     5 |       |    11 |     7 |    17 |    15 |     2 |     5 |   117 ||   179
       Potion            |       |     3 |       |     1 |     4 |     4 |     5 |     3 |    40 ||    60
 Stab: Distracted        |       |       |       |     2 |    12 |     8 |    11 |     7 |    41 ||    81
       Confused          |       |       |       |     1 |       |       |       |       |       ||     1
       Paralysed         |       |       |       |       |       |     1 |       |       |       ||     1
       Sleeping          |       |       |       |       |       |       |       |       |    25 ||    25
  Eat: Chunk             |     2 |     3 |     9 |    28 |    12 |    12 |    24 |    20 |    20 ||   130
       Royal jelly       |     1 |     1 |       |       |    12 |     2 |     1 |     1 |     8 ||    26
       Fruit             |       |     1 |       |    18 |     8 |    13 |       |       |     9 ||    49
       Bread ration      |       |       |     2 |       |       |     2 |       |     1 |    24 ||    29
       Meat ration       |       |       |       |       |     2 |     1 |     1 |     4 |    14 ||    22
Armor: Robe              |    29 |    40 |    28 |       |       |       |       |       |       ||    97
       Acid dragon scale |       |       |    42 |   399 |   295 |   199 |   221 |   168 |   330 ||  1654
       Skin              |       |       |       |       |       |       |       |    10 |  2425 ||  2435
       Quicksilver drago |       |       |       |       |       |       |       |       |   140 ||   140
       Animal skin       |       |       |       |       |       |       |       |       |    25 ||    25
Dodge: Dodged            |    56 |   107 |   107 |   311 |   280 |   158 |   156 |   142 |  2759 ||  4076
Block: Shield            |       |       |       |       |   202 |    71 |       |       |       ||   273
       Reflection        |       |       |       |       |    12 |     2 |       |       |       ||    14
       Large shield      |       |       |       |       |       |   676 |   829 |   715 |  9026 || 11246
